 Dungeon Crawl Stone Soup version 0.29.1-13-g9f3cf754e1 (webtiles) character file.

Game seed: 4840081100770344641

28 Heoruswealwe the Grasshopper (level 3, 31/31 HPs)
             Began as a Gnoll Warper on Jan 31, 2023.
             Was a Follower of Elyvilon.
             Quit the game on level 3 of the Dungeon.
             The game lasted 00:25:58 (1222 turns).

Heoruswealwe the Grasshopper (Gnoll Warper)         Turns: 1222, Time: 00:25:59

Health: 31/31      AC:  6    Str: 10    XL:     3   Next: 14%
Magic:  9/9        EV:  9    Int: 12    God:    Elyvilon [*.....]
Gold:   64         SH:  0    Dex: 13    Spells: 10/12 levels left

rFire   . . .      SeeInvis .   a - +0 falchion
rCold   + . .      Faith    .   (no shield)
rNeg    . . .      Spirit   .   c - +0 scale mail
rPois   .          Reflect  .   (no helmet)
rElec   .          Harm     .   (no cloak)
rCorr   +          Rampage  .   (no gloves)
Will    .....                   (no boots)
Stlth   ..........              (no amulet)
HPRegen 0.10/turn               f - ring of protection from cold
MPRegen 0.11/turn               r - ring of resist corrosion

@: no status effects
A: fangs 1, strong nose, distributed training
a: Renounce Religion, Purification


You were on level 3 of the Dungeon.
You worshipped Elyvilon.
Elyvilon was aware of your devotion.
You visited 1 branch of the dungeon, and saw 3 of its levels.

You collected 64 gold pieces.

Inventory:

Hand Weapons
 a - a +0 falchion (weapon)
 e - a +0 dagger
 k - a +0 trident
 q - a +0 club
 s - a +0 dagger
 t - a +0 short sword
Missiles
 d - 2 boomerangs of dispersal (quivered)
 l - 10 stones
Armour
 b - a +0 leather armour
 c - a +0 scale mail (worn)
 h - a +0 robe
 j - a +0 leather armour
 p - a +0 ring mail
Jewellery
 f - a ring of protection from cold (left hand)
 r - a ring of resist corrosion (right hand)
Scrolls
 g - a scroll of poison {unknown}
 m - a scroll of butterflies {unknown}
 n - a scroll of amnesia {unknown}
 o - a scroll of teleportation {unknown}
Potions
 i - 3 potions of brilliance {unknown}


   Skills:
 + Level 4.5 Fighting
 + Level 0.7 Short Blades
 + Level 4.5 Long Blades
 + Level 0.7 Axes
 + Level 0.7 Maces & Flails
 + Level 0.7 Polearms
 + Level 0.7 Staves
 + Level 0.7 Ranged Weapons
 + Level 2.6 Throwing
 + Level 2.6 Armour
 + Level 4.5 Dodging
 + Level 0.7 Stealth
 + Level 0.7 Shields
 + Level 0.7 Unarmed Combat
 + Level 5.0 Spellcasting
 + Level 0.5 Conjurations
 + Level 0.5 Hexes
 + Level 0.5 Summonings
 + Level 0.5 Necromancy
 + Level 5.4 Translocations
 + Level 0.5 Transmutations
 + Level 0.5 Fire Magic
 + Level 0.5 Ice Magic
 + Level 0.5 Air Magic
 + Level 0.5 Earth Magic
 + Level 0.5 Poison Magic
 + Level 0.9 Invocations
 + Level 0.7 Evocations


You had 10 spell levels left.
You knew the following spells:

 Your Spells              Type           Power      Damage    Failure   Level
a - Blink                 Tloc           32%        N/A       21%         2

Your spell library contained the following spells:

 Spells                   Type           Power      Damage    Failure   Level
 Gell's Gravitas          Tloc           16%        N/A       38%         3
 Lesser Beckoning         Tloc           16%        N/A       38%         3
 Teleport Other           Tloc           16%        N/A       38%         3
 Manifold Assault         Tloc           16%        N/A       98%         5


Dungeon Overview and Level Annotations

Branches:
Dungeon (3/15)

Altars:
Elyvilon


Innate Abilities, Weirdness & Mutations

You have very sharp teeth.
Your uncanny sense of smell can sniff out nearby items.
Your experience applies equally to all skills.


Message History

You feel agile. x2
You hit the rat.
You kill the rat!
You see here a frilled lizard corpse.
A kobold comes into view. It is wielding a +0 short sword.
The kobold shouts!
Found 2 fizzy white potions.
An endoplasm comes into view.
You barely miss the kobold. The kobold hits you but does no damage.
You hit the kobold but do no damage. The kobold hits you but does no damage.
You hit the kobold.
You kill the kobold!
You slash the endoplasm!
You kill the endoplasm!
Found 4 gold pieces.
You see here a +0 short sword.
t - a +0 short sword
Found a stone staircase leading up.
You now have 55 gold pieces (gained 4).
Found a stone staircase leading down and a stone staircase leading up.
Found 9 gold pieces.
A frilled lizard comes into view.
The frilled lizard hisses angrily.
You see here 9 gold pieces.
You see here 9 gold pieces.
You now have 64 gold pieces (gained 9).
You slash the frilled lizard!
You kill the frilled lizard!
i - 3 fizzy white potions (gained 2)
You see here a rat corpse.
You see here a frilled lizard corpse.
Save game and exit?
Welcome back, Heoruswealwe the Gnoll Warper.
Elyvilon says: Go forth and aid the weak!
Press ? for a list of commands and other information.
Okay, then.
Welcome back, Heoruswealwe the Gnoll Warper.
Elyvilon says: Go forth and aid the weak!
Press ? for a list of commands and other information.
Are you sure you want to abandon this character and quit the game? (Confirm with "yes".)

#.#..#.#
##.#....###. ##
##...........
..###.....#######
#...#..##.###
#......##...######
#>.....##......†.#
##...............#
.......#........@#
.#.....#.........#
....#..#.........#
.................#
.................#
.......#.#########
#.#.#..#.#
.......#..
..........#


There were no monsters in sight!

Vanquished Creatures
  3 bats (D:1)
  5 endoplasms
  4 hobgoblins
  2 quokkas
  2 ball pythons
  3 frilled lizards
  3 kobolds
  5 rats
27 creatures vanquished.

Notes
Turn   | Place    | Note
-------+----------+-------------------------------------------
     0 | D:1      | Heoruswealwe the Gnoll Warper began the quest for the Orb.
     0 | D:1      | Reached XP level 1. HP: 20/20 MP: 6/6
   459 | D:1      | Reached XP level 2. HP: 23/26 MP: 7/7
  1029 | D:1      | Found a faded altar of an unknown god.
  1037 | D:1      | Prayed at the altar of an unknown god.
  1037 | D:1      | Became a worshipper of Elyvilon the Healer
  1037 | D:1      | Reached * piety under Elyvilon
  1043 | D:1      | Learned a level 2 spell: Blink
  1046 | D:1      | You fall into a shaft and drop 1 floor!
  1164 | D:3      | Reached skill level 5 in Spellcasting
  1164 | D:3      | Reached XP level 3. HP: 28/31 MP: 7/9
  1222 | D:3      | Quit the game

Illustrated notes

Levels and vault maps discovered:
D:1:      lightli_iron_boxes, layout_loops_corners,
          hellmonk_ecumenical_altar_leap_of_faith
D:2:      layout_loops_ring
D:3:      layout_basic, serial_rivers, chequers_serial_rivers_marsh,
          chequers_serial_rivers_small_b, chequers_serial_rivers_room_b,
          chequers_serial_rivers_room_a, chequers_serial_rivers_small_a,
          chequers_serial_rivers_small_a, gammafunk_ghost_nasty_kobolds

Skill      XL: |  1  2 |
---------------+-------+-----
Spellcasting   | 5 |  5.0
Fighting       | |  4.5
Short Blades   | |  0.7
Long Blades    | |  4.5
Axes           | |  0.7
Maces & Flails | |  0.7
Polearms       | |  0.7
Staves         | |  0.7
Ranged Weapons | |  0.7
Throwing       | |  2.6
Armour         | |  2.6
Dodging        | |  4.5
Stealth        | |  0.7
Shields        | |  0.7
Unarmed Combat | |  0.7
Conjurations   | |  0.5
Hexes          | |  0.5
Summonings     | |  0.5
Necromancy     | |  0.5
Translocations | |  5.4
Transmutations | |  0.5
Fire Magic     | |  0.5
Ice Magic      | |  0.5
Air Magic      | |  0.5
Earth Magic    | |  0.5
Poison Magic   | |  0.5
Invocations    | |  0.9
Evocations     | |  0.7

Action                   || total
-------------------------++-------
Melee: Falchion          ||    62
       Bite              ||     6
Throw: Boomerang         ||     5
  Use: Scroll            ||     1
Armor: Leather armour    ||     2
       Scale mail        ||    12
Dodge: Dodged            ||    25
